 Dungeon Crawl Stone Soup version 0.30-a0-779-g7971cf19c3 (webtiles) character file.

Game seed: 1314690795421298831

63 porpoise the Sneak (level 4, -3/33 HPs)
             Began as a Formicid Enchanter on Feb 18, 2023.
             Slain by an orc
             ... wielding a +0 war axe
              (6 damage)
             ... on level 3 of the Dungeon.
             The game lasted 00:07:17 (1753 turns).

porpoise the Sneak (Formicid Enchanter)             Turns: 1753, Time: 00:07:17

Health: -3/33      AC:  2    Str: 13    XL:     4   Next: 31%
Magic:  4/7        EV: 12    Int: 16    God:
Gold:   67         SH:  0    Dex: 14    Spells: 2/7 levels left

rFire   . . .      SeeInvis +    a - +1 dagger
rCold   . . .      Faith    .    (no shield)
rNeg    . . .      Spirit   .    b - +0 robe
rPois   .          Reflect  .    (helmet unavailable)
rElec   .          Harm     .    (no cloak)
rCorr   +          Rampage  .    (no gloves)
Will    .....                    (no boots)
Stlth   +                        (no amulet)
HPRegen 0.25/turn                j - ring of resist corrosion
MPRegen 0.10/turn                t - ring of flight

@: confused, flying
A: permanent stasis, dig shafts and tunnels, antennae 3, four strong arms
a: Dig, Shaft Self


You were on level 3 of the Dungeon.
You visited 1 branch of the dungeon, and saw 3 of its levels.

You collected 67 gold pieces.

Inventory:

Hand Weapons
 a - a +1 dagger (weapon)
Missiles
 h - 8 poisoned darts
Armour
 b - a +0 robe (worn)
 o - a +1 leather armour of poison resistance
Jewellery
 j - a ring of resist corrosion (left hand)
 t - a ring of flight (right hand)
Scrolls
 g - 2 scrolls of identify {unknown}
 i - a scroll of silence {unknown}
 k - a scroll of fog {unknown}
 l - a scroll of poison {unknown}
 p - a scroll of enchant weapon {unknown}
Potions
 c - 2 potions of invisibility
 d - 2 potions of curing {unknown}
 e - a potion of ambrosia {unknown}
 f - a potion of brilliance {unknown}
 m - a potion of mutation {unknown}
 n - a potion of haste {unknown}
 q - a potion of lignification {unknown}
 r - 2 potions of magic {unknown}
 s - 3 potions of heal wounds {unknown}


   Skills:
 - Level 2.0 Fighting
 - Level 2.2 Short Blades
 - Level 1.7 Dodging
 + Level 4.6 Stealth
 - Level 2.1 Spellcasting
 + Level 3.6 Hexes
 + Level 0.1 Ice Magic


You had 2 spell levels left.
You knew the following spells:

 Your Spells              Type           Power      Damage    Failure   Level
a - Confusing Touch       Hex            13%        N/A       14%         3
e - Ensorcelled Hibernat  Hex/Ice        14%        N/A       14%         2

Your spell library contained the following spells:

 Spells                   Type           Power      Damage    Failure   Level
 Static Discharge         Conj/Air       2%         2-3/arc   30%         2
 Tukima's Dance           Hex            13%        N/A       14%         3
 Dazzling Flash           Conj/Hex       14%        N/A       28%         3
 Vhi's Electric Charge    Tloc/Air       2%         N/A       52%         3
 Arcjolt                  Conj/Air       0%         1d10      99%         5
 Lightning Bolt           Conj/Air       0%         1d11      99%         5


Dungeon Overview and Level Annotations

Branches:
Dungeon (3/15)

Altars:
Ru


Innate Abilities, Weirdness & Mutations

You cannot be hasted, slowed, berserked, paralysed or teleported.
You can dig through walls and to a lower floor.
You have a pair of large antennae on your head. (SInv)
Your four strong arms can wield two-handed weapons with a shield.


Message History

The orc wizard hits you with a +0 dagger.
You barely miss the orc wizard.
The orc wizard is lightly wounded.
The orc wizard completely misses you.
You hit the orc wizard.
The orc wizard is lightly wounded.
The orc wizard misses you.
You hit the orc wizard.
The orc wizard is moderately wounded.
The orc priest casts a cantrip, but nothing happens.
The orc wizard hits you with a +0 dagger.
* * * LOW HITPOINT WARNING * * *
You hit the orc wizard but do no damage.
The orc wizard is moderately wounded.
Unknown command.
You hit the orc wizard but do no damage.
The orc wizard is moderately wounded.
The orc wizard casts a spell at you.
You are confused.
You miss the orc wizard.
The orc wizard is moderately wounded.
The orc wizard hits you with a +0 dagger.
* * * LOW HITPOINT WARNING * * *
You hit the orc wizard.
The orc wizard is heavily wounded.
The orc cheers noisily, as Orcs often do.
The orc wizard casts a spell at you.
You are more confused.
Your magical contamination has completely faded away.
The orc wizard attacks as you move away!
The orc wizard hits you with a +0 dagger.
* * * LOW HITPOINT WARNING * * *
You bump into the rock wall.
You're too confused to move!
The orc wizard hits you but does no damage.
You hit the orc wizard but do no damage.
The orc wizard is heavily wounded.
The orc barely misses you. The orc wizard barely misses you.
You're too confused to move!
The orc hits you with a +0 war axe.
You die...

#..#.....#[.#
##.#.#...#)#
##...#.#.#.##
........#.##
#...#...#####..
#....<........
####...#####P.
##...#.....♣
########@..#.####P...
....ooooo#...# P~
########...### ##.##
...# #####


You could see an orc priest, an orc wizard and 3 orcs.

Vanquished Creatures
  A gnoll (D:1)
  An adder (D:2)
  A worm (D:2)
  2 dart slugs (D:2)
  5 orcs
  2 ball pythons
  An endoplasm (D:2)
  3 giant cockroaches (D:2)
  3 goblins
  A hobgoblin (D:1)
  2 quokkas (D:2)
  A bat (D:2)
  4 frilled lizards
  5 kobolds
  A rat (D:1)
33 creatures vanquished.

Vanquished Creatures (others)
  A plant (D:3)
1 creature vanquished.

Grand Total: 34 creatures vanquished

Notes
Turn   | Place    | Note
-------+----------+-------------------------------------------
     0 | D:1      | porpoise the Formicid Enchanter began the quest for the
                  | Orb.
     0 | D:1      | Reached XP level 1. HP: 13/13 MP: 3/3
   227 | D:1      | Reached XP level 2. HP: 13/20 MP: 5/5
   277 | D:1      | Reached skill level 1 in Fighting
   277 | D:1      | Reached skill level 4 in Stealth
   280 | D:1      | Learned a level 2 spell: Ensorcelled Hibernation
   612 | D:2      | Reached XP level 3. HP: 26/26 MP: 3/6
   650 | D:2      | Learned a level 3 spell: Confusing Touch
   999 | D:2      | Reached XP level 4. HP: 23/33 MP: 0/7
  1401 | D:3      | Found a sacrificial altar of Ru.
  1753 | D:3      | Slain by an orc

Illustrated notes

Levels and vault maps discovered:
D:1:      evilmike_arrival_come_back, layout_rooms
D:2:      layout_loops_cross, minivault_4
D:3:      layout_loops_ring, fedhas_ov_isle_minmay, elyvilon_altar_4,
          nicolae_ru_awakened_eye, old_standard_altar, serial_bayou_pond_a,
          kennysheep_generic_room_15, uniq_terence, uniq_crazy_yiuf_cottage,
          uniq_robin

Skill      XL: |  1  2  3  4 |
---------------+-------------+-----
Fighting       | 1 2 |  2.0
Stealth        | 4 |  4.6
Short Blades   | 2 |  2.2
Dodging        | |  1.7
Spellcasting   | |  2.1
Hexes          | |  3.6
Ice Magic      | |  0.1

Action                     |  1- 3 |  4- 6 || total
---------------------------+-------+-------++-------
  Melee: Dagger            |    70 |    46 ||   116
   Cast: Ensorcelled Hiber |     5 |     5 ||    10
   Stab: Sleeping          |    12 |     2 ||    14
 Armour: Robe              |    13 |     4 ||    17
  Dodge: Dodged            |    25 |    26 ||    51

Table legend: (Time is in decaauts)
 A = Elapsed time spent in this place.
 B = Non-inter-level travel time spent in this place.
 C = Inter-level travel time spent in this place.
 D = Time resting spent in this place.
 E = Time spent auto-exploring this place.
 F = Levels seen in this place.
 G = Mean time per level.
                   A        B        C        D        E       F      G
               +--------+--------+--------+--------+--------+-----+--------+
         Total |   1745 |   1702 |     43 |    552 |    781 |   3 |  581.7 |
       Dungeon |   1745 |   1702 |     43 |    552 |    781 |   3 |  581.7 |
               +--------+--------+--------+--------+--------+-----+--------+

Top non-repeatable levels by time:
     D:2: 1077 daAuts
     D:1: 604 daAuts
     D:3: 63 daAuts
